 Dungeon Crawl Stone Soup version 0.21.1-1-g345015f (webtiles) character file.

19892 Kagorn the Fighter (level 13, -22/92 HPs)
             Began as a Halfling Fighter on July 16, 2018.
             Was a High Priest of Okawaru.
             Annihilated by an orc knight
             ... wielding a +0 dire flail
              (33 damage)
             ... on level 2 of the Orcish Mines.
             The game lasted 01:47:58 (15474 turns).

Kagorn the Fighter (Halfling Fighter)              Turns: 15474, Time: 01:47:59

Health: -22/92     AC: 21    Str: 34    XL:     13   Next: 8%
Magic:  13/13      EV: 21    Int:  6    God:    Okawaru [*****.]
Gold:   409        SH: 17    Dex: 15    Spells: 12/12 levels left

rFire    . . .     SeeInvis +   s - +0 spear of Fimbulwinter {vamp, Str+6 SInv}
rCold    + . .     Gourm    .   c - +1 shield
rNeg     . . .     Faith    .   C - +0 chain mail of Death Resistance {rC+}
rPois    .         Spirit   .   m - +0 helmet
rElec    .         Reflect  +   n - +2 cloak
rCorr    .         Harm     .   E - +1 pair of gloves {Str+3}
MR       .....     Rnd*Rage +   D - +0 pair of boots
Stlth    +.........             i - +3 amulet of reflection
HPRegen  0.25/turn              u - +6 ring of evasion
MPRegen  0.13/turn              N - +4 ring of strength

@: lethally poisoned (-22 -> -24), hasted, drained, very quick
A: small, molten scales 1, berserk 1, mutation resistance 1
a: Heroism, Finesse, Renounce Religion


You were on level 2 of the Orcish Mines.
You worshipped Okawaru.
Okawaru was extremely pleased with you.
You were not hungry.

You visited 2 branches of the dungeon, and saw 12 of its levels.

You collected 783 gold pieces.
You spent 374 gold pieces at shops.

Inventory:

Hand Weapons
 a - a +1 rapier
 s - the +0 spear of Fimbulwinter (weapon) {vamp, Str+6 SInv}
   (You found it on level 5 of the Dungeon)

   It inflicts no extra harm, but heals its wielder when it wounds a living foe.
   It affects your strength (+6).
   It lets you see invisible.
 t - a +1 dagger of electrocution
 v - a +1 flail of protection
 x - a +5 whip
 A - a +1 mace of protection
 G - a +2 dagger of protection
 I - a +1 whip of venom
 M - a +1 hunting sling of flaming
 P - a +9 hand crossbow
Missiles
 g - 70 sling bullets
Armour
 c - a +1 shield (worn)
 m - a +0 helmet (worn)
 n - a +2 cloak (worn)
 o - a +0 plate armour
 C - the +0 chain mail of Death Resistance (worn) {rC+}
   (Okawaru gifted it to you on level 8 of the Dungeon)

   It protects you from cold.
 D - a +0 pair of boots (worn)
 E - a +1 pair of gloves of strength (worn)
 L - a +0 hat of see invisible
Jewellery
 e - a +4 ring of dexterity
 i - a +3 amulet of reflection (around neck)
 l - an uncursed ring of fire
 u - a +6 ring of evasion (left hand)
 z - an uncursed ring of positive energy
 N - a +4 ring of strength (right hand)
Wands
 b - a wand of iceblast (22)
 d - a wand of clouds (6)
 q - a wand of digging (11)
Scrolls
 h - 3 scrolls of amnesia
 j - 5 scrolls of remove curse
 k - 4 scrolls of teleportation
 B - a scroll of fear
Potions
 p - a potion of invisibility
 r - a potion of berserk rage
 H - a potion of might
 K - a potion of flight
Books
 w - the Compendium of Poisonous Ignition
   (You found it on level 6 of the Dungeon)

   Spells                             Type                      Level
   a - Throw Flame                    Conjuration/Fire             2
   b - Poisonous Vapours              Poison/Air                   2
   c - Bolt of Magma                  Conjuration/Fire/Earth       5
 y - a book of Geomancy

   Spells                             Type                      Level
   a - Sandblast                      Earth                        1
   b - Passwall                       Transmutation/Earth          2
   c - Stone Arrow                    Conjuration/Earth            3
   d - Petrify                        Transmutation/Earth          4
   e - Lee's Rapid Deconstruction     Earth                        5
Comestibles
 f - 8 rations


   Skills:
 * Level 10.1(9.8) Fighting
 - Level 5.6(5.3) Short Blades
 - Level 3.3(3.0) Maces & Flails
 * Level 8.0(7.7) Polearms
 + Level 8.7(8.4) Armour
 + Level 7.9(7.6) Dodging
 + Level 8.7(8.4) Stealth
 + Level 8.7(8.4) Shields


You had 12 spell levels left.
You didn't know any spells.

Dungeon Overview and Level Annotations

Branches:
Dungeon (10/15)            Temple (0/1) D:7            Lair (0/6) D:9
    Orc (2/2) D:10
    Elf: Orc:2

Altars:
Ashenzari
Cheibriados
Dithmenos
Fedhas
Hepliaklqana
Makhleb
Okawaru
Qazlal
Uskayaw
Wu Jian
Xom
Zin
The Shining One

Shops:
D:6 }   D:7 %=**   D:10 (

Annotations:
Orc:1 Nergalle


Innate Abilities, Weirdness & Mutations

You are small and have problems with some larger weapons.
You are somewhat resistant to further mutation.
You are partially covered in molten scales. (AC +2)
You tend to lose your temper in combat.


Message History

The orc warlord roars a battlecry!
The orcs go into a battle-frenzy!
You puncture the warg!
You feel better.
You kill the warg!
Okawaru accepts your kill.
You feel sick.
You hit the orc priest.
You feel better.
The orc priest is severely wounded.
The orc wizard is no longer moving quickly.
The orc knight hits you with a dire flail.
* * * LOW HITPOINT WARNING * * *
The orc wizard casts a spell.
The orc wizard seems to speed up.
You block the orc's attack. You block the orc priest's attack.
You fail to use your ability.
The orc priest mumbles some strange prayers to Beogh against you.
Beogh smites you!
* * * LOW HITPOINT WARNING * * *
The orc knight hits you with a dire flail!!
You die...

.............$.
.........#....
.........#.#
........## #.......##
#........#
#..))....##
##<)[)..oo#
####))...#@#
..#........#o##
........)[.#ooo#####.
............#...8....
.........#.#.........
#.....$.#........o...
........##...........
.........#...#..8....
....... #.....#####.


You could see an orc knight, an orc warrior, 2 orc priests, an orc wizard and 2
orcs.

Vanquished Creatures
  Gastronok (D:9)
  3 two-headed ogres
  An orc high priest (Orc:2)
  The ghost of aimeelou the Cleaver, a novice OgFE of Okawaru (D:7)
  The ghost of aimeelou the Grappler, a novice TrBe of Trog (D:8)
  A skeletal warrior (D:9)
  Pikel (D:4)
  An ugly thing (D:7)
  A necromancer (D:10)
  2 cyclopes (Orc:1)
  Joseph (D:10)
  2 gargoyles
  A komodo dragon (D:9)
  4 polar bears
  A troll (D:9)
  2 hippogriffs
  5 shadows (D:9)
  Sigmund (D:5)
  4 flying skulls (D:9)
  10 yaks
  A wraith (D:9)
  Grum (D:10)
  A hungry ghost (D:10)
  A warg (Orc:2)
  Edmund (D:4)
  6 ice beasts
  3 slaves (D:4)
  5 orc warriors
  A sky beast (D:7)
  5 phantoms
  4 ogres
  4 wolves
  4 centaurs
  A big kobold (D:10)
  2 wyvern zombies
  4 bullfrogs
  A gnoll sergeant (D:7)
  A water moccasin zombie (D:9)
  3 scorpions
  A water moccasin skeleton (D:8)
  A troll zombie (D:10)
  3 killer bees (D:10)
  7 wights
  The ghost of letownia2 the Insei, a weakling DsGl (D:3)
  2 electric eels (D:8)
  2 howler monkeys
  2 bullfrog zombies
  3 crimson imps
  2 centaur zombies (D:9)
  2 bullfrog skeletons
  5 jellies
  3 hounds
  5 orc priests
  3 centaur skeletons
  2 iguanas
  12 orc wizards
  3 worker ants
  A killer bee zombie (D:7)
  5 ogre zombies (D:10)
  2 centaur simulacra (D:8)
  3 hound zombies
  A worker ant zombie (D:6)
  12 adders
  8 gnolls
  A shadow imp (D:8)
  5 white imps (D:8)
  A worker ant simulacrum (D:8)
  2 ufetubi (D:8)
  9 oozes
  3 adder zombies
  5 adder skeletons
  5 worms
  3 dart slugs
  3 leopard geckos
  37 orcs
  A ball python (D:2)
  6 bats
  14 giant cockroaches
  7 goblins
  6 hobgoblins
  13 jackals
  7 kobolds
  5 quokkas
  8 frilled lizards
  2 goblin zombies (D:10)
  A hobgoblin skeleton (D:10)
  A hobgoblin zombie (D:10)
  A jackal simulacrum (D:8)
  2 jackal skeletons (D:6)
  2 jackal zombies
  A leopard gecko skeleton (D:4)
  3 orc skeletons (D:10)
  12 orc zombies (D:10)
  2 quokka skeletons
  2 quokka zombies
  7 rats
  A bush (D:7)
362 creatures vanquished.

Vanquished Creatures (others)
  An ogre (D:6)
  A plant (D:9)
2 creatures vanquished.

Grand Total: 364 creatures vanquished

Notes
Turn   | Place    | Note
-------+----------+-------------------------------------------
     0 | D:1      | Kagorn the Halfling Fighter began the quest for the Orb.
     0 | D:1      | Reached XP level 1. HP: 15/15 MP: 1/1
   138 | D:1      | Reached XP level 2. HP: 18/20 MP: 2/2
   454 | D:1      | Reached skill level 3 in Fighting
   633 | D:2      | Reached XP level 3. HP: 26/26 MP: 3/3
   655 | D:2      | Found an iron altar of Okawaru.
   727 | D:2      | Became a worshipper of Warmaster Okawaru
   794 | D:2      | Reached skill level 1 in Stealth
   959 | D:2      | Found a faded altar of an unknown god.
   980 | D:2      | Reached XP level 4. HP: 25/31 MP: 4/4
  1003 | D:2      | Reached skill level 1 in Dodging
  1420 | D:2      | Reached XP level 5. HP: 34/36 MP: 5/5
  1502 | D:2      | Found a shadowy altar of Dithmenos.
  1667 | D:2      | Found a glowing golden altar of the Shining One.
  1992 | D:2      | Gained mutation: You are partially covered in molten scales. (AC +2) [potion of mutation]
  1992 | D:2      | Gained mutation: Armour fits poorly on your strangely shaped body. [potion of mutation]
  2034 | D:3      | Found a stormy altar of Qazlal.
  2304 | D:3      | Reached * piety under Okawaru
  2589 | D:3      | Noticed letownia2's ghost (weakling DsGl)
  2602 | D:3      | Killed letownia2's ghost
  2602 | D:3      | Reached XP level 6. HP: 43/43 MP: 6/6
  2926 | D:4      | Reached skill level 4 in Fighting
  3062 | D:4      | Noticed an ogre
  3069 | D:4      | Killed an ogre
  3069 | D:4      | Reached XP level 7. HP: 48/48 MP: 7/7
  3105 | D:4      | Reached skill level 5 in Short Blades
  3124 | D:4      | Reached ** piety under Okawaru
  3130 | D:4      | Lost mutation: Armour fits poorly on your strangely shaped body. [potion of mutation]
  3130 | D:4      | Gained mutation: You tend to lose your temper in combat. [potion of mutation]
  3136 | D:4      | Found a shattered altar of Ashenzari.
  3333 | D:4      | Found a hide-covered altar of Uskayaw.
  3378 | D:4      | Noticed Edmund
  3409 | D:4      | Killed Edmund
  3409 | D:4      | Reached XP level 8. HP: 54/54 MP: 8/8
  3554 | D:5      | Entered Level 5 of the Dungeon
  3554 | D:5      | Noticed Pikel
  3837 | D:4      | Killed Pikel
  3837 | D:4      | Reached skill level 5 in Fighting
  3837 | D:4      | Reached skill level 5 in Armour
  4107 | D:5      | Reached *** piety under Okawaru
  4119 | D:5      | Reached skill level 5 in Shields
  4148 | D:5      | Noticed Sigmund
  4155 | D:5      | Reached XP level 9. HP: 61/61 MP: 9/9
  4188 | D:5      | Killed Sigmund
  4203 | D:5      | HP: 2/62 [phantom (6)]
  4222 | D:5      | Reached skill level 6 in Fighting
  4622 | D:5      | Got a bloodstained spear
  4626 | D:5      | Identified the cursed +0 spear of Fimbulwinter {vamp, Str+6 SInv} (You found it on level 5 of the Dungeon)
  4639 | D:5      | Found a snail-covered altar of Cheibriados.
  4713 | D:5      | Found a burning altar of Makhleb.
  4713 | D:5      | Found a blossoming altar of Fedhas.
  5567 | D:6      | Reached skill level 1 in Polearms
  5677 | D:6      | Reached **** piety under Okawaru
  5714 | D:6      | Identified the Compendium of Poisonous Ignition
  6175 | D:6      | Reached skill level 5 in Stealth
  6206 | D:6      | Found Dosug's Gadget Shop.
  6486 | D:7      | Reached XP level 10. HP: 69/69 MP: 10/10
  6623 | D:7      | Found a staircase to the Ecumenical Temple.
  6804 | D:7      | Found Ykiaxoha's Jewellery Emporium.
  6814 | D:7      | Found a hazy altar of Hepliaklqana.
  6815 | D:7      | Found an ornate altar of the Wu Jian Council.
  6845 | D:7      | Found Ucseg's Assorted Antiques.
  6847 | D:7      | Bought a pair of boots for 94 gold pieces
  6847 | D:7      | Bought a scroll labeled LOIGAC JOCWYE for 21 gold pieces
  6847 | D:7      | Bought a scroll labeled ZANIEMM FAERO for 21 gold pieces
  6860 | D:7      | Found Guer's Assorted Antiques.
  6892 | D:7      | Bought a scroll labeled RUODUKIURA for 28 gold pieces
  6892 | D:7      | Bought a pair of embroidered gloves for 210 gold pieces
  6999 | D:7      | Noticed aimeelou's ghost (novice OgFE)
  7347 | D:7      | Killed aimeelou's ghost
  7347 | D:7      | Reached skill level 7 in Fighting
  7347 | D:7      | Reached skill level 5 in Dodging
  7600 | D:7      | Found a glowing silver altar of Zin.
  7644 | D:7      | Found Dahyseaf's Food Shoppe.
  7924 | D:8      | Found a shimmering altar of Xom.
  8045 | D:8      | Noticed a brown ugly thing
  8056 | D:8      | Noticed a two-headed ogre
  8101 | D:7      | Killed a brown ugly thing
  8371 | D:8      | Killed a two-headed ogre
  8371 | D:8      | Reached ***** piety under Okawaru
  8371 | D:8      | Received a gift from Okawaru
  8382 | D:8      | Got a heavily runed chain mail {god gift}
  8394 | D:8      | Identified the +0 chain mail of Death Resistance {rC+} (Okawaru gifted it to you on level 8 of the Dungeon)
  8417 | D:8      | Noticed aimeelou's ghost (novice TrBe)
  8679 | D:8      | Reached XP level 11. HP: 77/77 MP: 11/11
  9574 | D:8      | Reached skill level 8 in Fighting
  9613 | D:8      | Reached skill level 5 in Polearms
 10607 | D:8      | Killed aimeelou's ghost
 11042 | D:9      | Noticed Gastronok
 11104 | D:9      | Found a staircase to the Lair.
 11744 | D:9      | Noticed a skeletal warrior
 12028 | D:9      | Killed a skeletal warrior
 12812 | D:9      | Reached skill level 9 in Fighting
 12856 | D:9      | Reached XP level 12. HP: 76/85 MP: 12/12
 13344 | D:9      | Killed Gastronok
 13510 | D:10     | Entered Level 10 of the Dungeon
 13510 | D:10     | Noticed Joseph
 13538 | D:10     | Killed Joseph
 13845 | D:10     | Found a staircase to the Orcish Mines.
 14040 | D:10     | Noticed a two-headed ogre
 14067 | D:10     | Killed a two-headed ogre
 14067 | D:10     | Received a gift from Okawaru
 14327 | D:10     | Found Kubaorank's Weapon Shop.
 14410 | D:10     | Found a shattered altar of Ashenzari.
 14425 | D:10     | Noticed a two-headed ogre
 14437 | D:10     | Killed a two-headed ogre
 14566 | D:10     | Noticed Grum
 14725 | D:10     | Killed Grum
 14972 | Orc:1    | Entered Level 1 of the Orcish Mines
 15115 | Orc:1    | Reached skill level 10 in Fighting
 15192 | Orc:1    | Noticed Nergalle
 15253 | Orc:2    | Entered Level 2 of the Orcish Mines
 15267 | Orc:2    | Noticed an orc high priest
 15290 | Orc:2    | Killed an orc high priest
 15290 | Orc:2    | Reached XP level 13. HP: 91/92 MP: 13/13
 15468 | Orc:2    | Noticed an orc warlord
 15474 | Orc:2    | Annihilated by an orc knight

Skill      XL: |  1  2  3  4  5  6  7  8  9 10 11 12 13 |
---------------+----------------------------------------+-----
Fighting       | 3 4 5 6 7 9 10 | 10.1
Short Blades   | 3 4 5 |  5.6
Stealth        | 1 2 3 4 5 6 7 8 |  8.7
Dodging        | 1 2 3 4 5 6 7 |  7.9
Armour         | 4 5 6 7 8 |  8.7
Shields        | 4 5 6 7 8 |  8.7
Maces & Flails | 2 3 |  3.3
Polearms       | 2 4 6 7 8 |  8.0

Action                   |  1- 3 |  4- 6 |  7- 9 | 10-12 | 13-15 || total
-------------------------+-------+-------+-------+-------+-------++-------
Melee: Rapier            |    96 |   241 |   153 |       |       ||   490
       Flail             |       |       |   163 |       |       ||   163
       Spear             |       |       |   306 |  2086 |   125 ||  2517
       Unarmed           |       |       |    18 |       |       ||    18
Invok: Heroism           |       |       |     3 |    13 |       ||    16
  Use: Potion            |       |     7 |     8 |     4 |     1 ||    20
       Scroll            |       |     9 |     6 |    12 |       ||    27
 Stab: Invisible         |       |       |     6 |       |       ||     6
       Sleeping          |       |       |     2 |     1 |       ||     3
  Eat: Ration            |       |     3 |     4 |    10 |       ||    17
       Chunk             |       |       |       |     1 |       ||     1
Armor: Scale mail        |    21 |    77 |   174 |    54 |       ||   326
       Chain mail        |       |       |       |   281 |    19 ||   300
Dodge: Dodged            |    26 |    67 |   238 |  1061 |    41 ||  1433
Block: Shield            |    50 |   191 |   536 |  1798 |   120 ||  2695
       Reflection        |     3 |     2 |     5 |    14 |       ||    24
